 Dungeon Crawl Stone Soup version 0.18.1-48-g4cf74bf (webtiles) character file.

104 jennos the Poker (level 4, -7/33 HPs)
             Began as a Merfolk Gladiator on July 7, 2016.
             Mangled by kobby's ghost (14 damage)
             ... on level 3 of the Dungeon.
             The game lasted 00:04:23 (2559 turns).

jennos the Poker (Merfolk Gladiator)                Turns: 2559, Time: 00:04:23

Health: -7/33      AC:  7    Str: 20    XL:     4   Next: 80%
Magic:  4/4        EV: 19    Int:  7    God:
Gold:   42         SH:  0    Dex: 20    Spells: 0 memorised, 3 levels left

rFire  . . .     SeeInvis .     a - +0 trident
rCold  . . .     Gourm    .     v - +0 ring mail
rNeg   . . .     Faith    .     (no shield)
rPois  .         Spirit   .     c - +0 helmet
rElec  .         Dismiss  .     (no cloak)
rCorr  .         Reflect  .     g - +0 pair of gloves
SustAt .         Harm     .     (no boots)
MR     .....                    (no amulet)
Stlth  ++........               (no ring)
                                (no ring)

@: mighty, agile, not resistant to hostile enchantments, unstealthy
A: change form in water, swift swim
a: no special abilities


You were on level 3 of the Dungeon.
You were not hungry.

You visited 1 branch of the dungeon, and saw 3 of its levels.

You collected 42 gold pieces.

Inventory:

Hand Weapons
 a - a +0 trident (weapon)
Missiles
 d - 3 throwing nets (quivered)
Armour
 b - a +0 leather armour
 c - a +0 helmet (worn)
 g - a +0 pair of gloves (worn)
 m - a +0 leather armour
 q - a +0 ring mail
 v - a +0 ring mail (worn)
Jewellery
 l - a cursed ring of sustain attributes {unknown}
Wands
 u - a wand of lightning (7/15)
Scrolls
 e - a scroll of random uselessness {unknown}
 h - 3 scrolls of identify {unknown}
 j - 4 scrolls of remove curse {unknown}
 k - a scroll of blinking {unknown}
 n - a scroll of teleportation {unknown}
 p - a scroll of magic mapping {unknown}
 t - a scroll of enchant armour {unknown}
 y - a scroll of enchant weapon {unknown}
Potions
 i - a potion of ambrosia {unknown}
 o - a potion of magic {unknown}
 r - a potion of flight {unknown}
 s - a potion of agility
 w - a potion of mutation {unknown}
 x - a potion of might
 z - a potion of degeneration {unknown}
 A - a potion of cancellation {unknown}
Comestibles
 f - 3 bread rations
 B - a meat ration


   Skills:
 - Level 2.1 Fighting
 + Level 7.8 Polearms
 - Level 2.0 Throwing
 - Level 4.0 Dodging


You had 3 spell levels left.
You didn't know any spells.

Dungeon Overview and Level Annotations

Branches:
Dungeon (3/15)

Altars:
Dithmenos
Gozag
Okawaru
Qazlal
Sif Muna
Trog
Xom
Zin

Annotations:
D:3 kobby's ghost, amateur HuFi


Message History

Kobby's ghost barely misses you.
You hit kobby's ghost.
Kobby's ghost is heavily damaged.
Kobby's ghost hits you.
You hit kobby's ghost.
Kobby's ghost is heavily damaged.
Kobby's ghost hits you!
* * * LOW HITPOINT WARNING * * *
You are too injured to fight recklessly!
Read which item? (? for menu, Esc to quit)
Okay, then.
Drink which item? (? for menu, Esc to quit)
It was a potion of agility.
You feel agile all of a sudden. Kobby's ghost misses you.
Drink which item? (? for menu, Esc to quit)
It was a potion of might.
You feel very mighty all of a sudden. Kobby's ghost hits you!
You die...

#...#.##+##
##...# #
#.###....#
#.....#..#
#####....#
#.....)# #.##.###
#.##.# #@##.#
#W##.#####
##o##.....
####.ol#..######
...>..........!)#
###.#...#W..###.
#.##.##bo.# #
#..#...# ##.#..?#


You could see kobby's ghost, 2 orcs and a giant newt.

Vanquished Creatures
  3 gnolls (D:2)
  An adder (D:3)
  2 worms (D:2)
  2 dart slugs
  5 giant geckos
  An orc (D:3)
  8 bats
  3 giant cockroaches
  7 hobgoblins
  2 jackals (D:2)
  3 kobolds
  3 giant newts
  6 goblins
  4 rats
50 creatures vanquished.

Notes
Turn   | Place    | Note
--------------------------------------------------------------
     0 | D:1      | jennos the Merfolk Gladiator began the quest for the Orb.
     0 | D:1      | Reached XP level 1. HP: 16/16 MP: 1/1
    73 | D:1      | Reached skill level 5 in Polearms
    74 | D:1      | Reached XP level 2. HP: 22/22 MP: 2/2
   599 | D:2      | Reached XP level 3. HP: 18/27 MP: 3/3
   675 | D:2      | Reached skill level 6 in Polearms
  1302 | D:2      | Reached skill level 7 in Polearms
  1302 | D:2      | Reached XP level 4. HP: 14/33 MP: 4/4
  1929 | D:2      | Found a glowing silver altar of Zin.
  1935 | D:2      | Found a bloodstained altar of Trog.
  1936 | D:2      | Found a deep blue altar of Sif Muna.
  1936 | D:2      | Found an opulent altar of Gozag.
  1936 | D:2      | Found a shimmering altar of Xom.
  1937 | D:2      | Found a stormy altar of Qazlal.
  1940 | D:2      | Found a shadowy altar of Dithmenos.
  1941 | D:2      | Found an iron altar of Okawaru.
  2535 | D:3      | Noticed kobby's ghost (amateur HuFi)
  2559 | D:3      | Mangled by kobby's ghost

Skill      XL: |  1  2  3 |
---------------+----------+-----
Polearms       | 5 7 |  7.8
Fighting       | |  2.1
Throwing       | |  2.0
Dodging        | |  4.0

Action                   |  1- 3 |  4- 6 || total
-------------------------+-------+-------++-------
Melee: Trident           |   133 |    77 ||   210
  Use: Potion            |       |     2 ||     2
  Eat: Chunk             |     1 |     4 ||     5
Armor: Leather armour    |     7 |       ||     7
       Ring mail         |    19 |    24 ||    43
Dodge: Dodged            |    74 |    32 ||   106
